 Dungeon Crawl Stone Soup version 0.32-a0-422-g28b100f618 (webtiles) character file.

Game seed: 11584610168568930048

2757 snarfax the Cleaver (level 9, -2/74 HPs)
             Began as a Mountain Dwarf Fighter on Feb 21, 2024.
             Was an Initiate of Elyvilon.
             Slain by a troll (7 damage)
             ... on level 9 of the Dungeon.
             The game lasted 00:11:07 (3697 turns).

snarfax the Cleaver (Mountain Dwarf Fighter)        Turns: 3697, Time: 00:11:08

Health: -2/74      AC: 14    Str: 24    XL:     9   Next: 41%
Magic:  9/9        EV: 14    Int:  8    God:    Elyvilon [......]
Gold:   145        SH:  5    Dex:  9    Spells: 8/8 levels left

rFire   . . .        a - +0 war axe
rCold   . . .        c - +1 buckler
rNeg    . . .        b - +0 scale mail
rPois   .            m - +2 hat
rElec   .            o - +0 cloak
rCorr   .            (no gloves)
SInv    .            (no boots)
Will    .....        (no amulet) Stlth
                     g - +4 ring of protection
HPRegen 0.32/turn    l - +5 ring of evasion
MPRegen 0.11/turn

%: no passive effects
@: no status effects
A: runic magic, artefact enchanting
a: Renounce Religion


You were on level 9 of the Dungeon.
You worshipped Elyvilon.
Elyvilon was noncommittal.
You visited 2 branches of the dungeon, and saw 10 of its levels.
You also visited: Ossuary.

You collected 145 gold pieces.

Inventory:

Hand Weapons
 a - a +0 war axe (weapon)
Missiles
 n - 15 poisoned darts (quivered)
 s - a curare-tipped dart
Armour
 b - a +0 scale mail (worn)
 c - a +1 buckler (worn)
 m - a +2 hat (worn)
 o - a +0 cloak (worn)
Jewellery
 g - a +4 ring of protection (left hand)
 l - a +5 ring of evasion (right hand)
Wands
 j - a wand of flame (21)
Scrolls
 h - a scroll of teleportation
 i - a scroll of enchant weapon
 r - a scroll of enchant armour
Potions
 d - a potion of might
 e - 2 potions of haste
 f - a potion of mutation
 k - 2 potions of brilliance
 p - a potion of lignification {unknown}
 q - a potion of magic


   Skills:
 - Level 5.0 Fighting
 * Level 13.8 Axes
 - Level 5.0 Armour
 - Level 5.0 Shields


You had 8 spell levels left.
You didn't know any spells.
Your spell library contained the following spells:

 Spells                   Type           Power      Damage    Failure   Level
 Summon Small Mammal      Summ           0%         N/A       54%         1
 Call Canine Familiar     Summ           0%         N/A       88%         3
 Inner Flame              Hex/Fire       0%         N/A       88%         3
 Anguish                  Hex/Necr       0%         N/A       99%         4
 Cause Fear               Hex            0%         N/A       99%         4
 Flame Wave               Conj/Fire      0%         2d4       99%         4
 Leda's Liquefaction      Alch/Erth      0%         N/A       99%         4
 Sticky Flame             Fire/Alch      0%         2d4       99%         4
 Summon Blazeheart Golem  Fire/Summ      0%         N/A       99%         4
 Lee's Rapid Deconstruct  Erth           0%         3d4*      100%        5
 Bombard                  Conj/Erth      0%         9d1       100%        6
 Enfeeble                 Hex            0%         N/A       100%        7


Dungeon Overview and Level Annotations

Branches:
Dungeon (9/15)             Temple (1/1) D:7            Lair (0/5) D:8
Ossuary (visited)
    Orc: D:9-12

Altars:
Ashenzari
Cheibriados
Dithmenos
Elyvilon
Fedhas
Gozag
Hepliaklqana
Kikubaaqudgha
Makhleb
Nemelex Xobeh
Okawaru
Qazlal
Ru
Sif Muna
Trog
Uskayaw
Vehumet
Wu Jian
Xom
Yredelemnul
Zin
The Shining One
Beogh

Shops:
D:7 :


Innate Abilities, Weirdness & Mutations

Your spellcasting is much less encumbered by armour.
You can use scrolls of enchantment on lesser artefacts.


Message History

The troll bites you but does no damage. The troll closely misses you.
The troll misses you.
You hit the troll.
The troll is severely wounded.
You hit the troll but do no damage.
The troll is severely wounded.
The troll bites you!
* * * LOW HITPOINT WARNING * * *
The troll claws you but does no damage. x2
You slash the troll!
The troll is almost dead.
The troll bites you.
* * * LOW HITPOINT WARNING * * *
The troll claws you but does no damage. The troll closely misses you.
You barely miss the troll.
The troll is almost dead.
The troll closely misses you. The troll claws you but does no damage.
You block the troll's attack.
You closely miss the troll.
The troll is almost dead.
The troll bites you.
* * * LOW HITPOINT WARNING * * *
The troll closely misses you. The troll claws you.
* * * LOW HITPOINT WARNING * * *
You slash the troll!
The troll is almost dead.
The troll bites you.
* * * LOW HITPOINT WARNING * * *
The troll completely misses you. You block the troll's attack.
You barely miss the troll.
The troll is almost dead.
You closely miss the troll.
The troll is almost dead.
The troll misses you. The troll claws you.
* * * LOW HITPOINT WARNING * * *
You block the troll's attack.
You barely miss the troll.
The troll is almost dead.
The troll bites you!
You die...

#.........#..........#
#.........####.......#
#.........#..........#
#.........†..........#
#..$......####.......#
#.........# #########
#.........#
#....>....#
#<...@....#
#..$.T....+
#.........#
#.........#
#.........#
#.........#
#.........#
..........#


You could see a troll.

Vanquished Creatures
  Sigmund (D:2)
  A shadow (D:9)
  6 yaks (D:8)
  An ice beast (D:6)
  3 centaurs
  A phantom (D:6)
  2 kobold brigands
  3 wights (D:8)
  11 killer bees
  2 bombardier beetles (D:6)
  A jelly (D:6)
  Crazy Yiuf (D:5)
  An iguana (D:4)
  3 crocodile zombies (Ossuary)
  4 mummies
  3 adders
  2 ribbon worms (D:2)
  A dart slug (D:1)
  10 orcs
  6 ball pythons
  5 bats
  7 endoplasms
  3 giant cockroaches
  4 goblins
  2 hobgoblins (D:2)
  2 jackals (D:1)
  3 frilled lizards
  2 gnoll zombies (Ossuary)
  9 kobolds
  3 kobold zombies (Ossuary)
  5 rats
108 creatures vanquished.

Notes
Turn   | Place    | Note
-------+----------+-------------------------------------------
     0 | D:1      | snarfax the Mountain Dwarf Fighter began the quest for the
                  | Orb.
     0 | D:1      | Reached XP level 1. HP: 19/19 MP: 1/1
    69 | D:1      | Reached XP level 2. HP: 24/26 MP: 2/2
    72 | D:1      | Reached skill level 3 in Axes
   242 | D:1      | Reached XP level 3. HP: 22/31 MP: 3/3
   822 | D:2      | Reached XP level 4. HP: 40/40 MP: 4/4
   950 | D:2      | Noticed Sigmund
   972 | D:2      | Killed Sigmund
   973 | D:2      | Reached skill level 5 in Axes
   973 | D:2      | Reached XP level 5. HP: 31/47 MP: 5/5
  1143 | D:2      | Found a roughly hewn altar of Beogh.
  1205 | D:3      | Reached XP level 6. HP: 53/53 MP: 6/6
  1369 | D:4      | Found an ornate altar of the Wu Jian Council.
  1370 | D:4      | Found a sparkling altar of Nemelex Xobeh.
  1370 | D:4      | Found a stormy altar of Qazlal.
  1371 | D:4      | Found a hazy altar of Hepliaklqana.
  1371 | D:4      | Found a glowing silver altar of Zin.
  1371 | D:4      | Found a shadowy altar of Dithmenos.
  1373 | D:4      | Found an ancient bone altar of Kikubaaqudgha.
  1373 | D:4      | Found a basalt altar of Yredelemnul.
  1373 | D:4      | Found an iron altar of Okawaru.
  1483 | D:5      | Entered Level 5 of the Dungeon
  1490 | D:5      | Found a runed translucent door.
  1491 | D:5      | Noticed Crazy Yiuf
  1498 | D:5      | Killed Crazy Yiuf
  1576 | D:6      | Noticed an ice beast
  1588 | D:6      | Killed an ice beast
  1677 | D:6      | Reached skill level 6 in Axes
  1677 | D:6      | Reached XP level 7. HP: 21/60 MP: 7/7
  1682 | D:6      | Reached skill level 5 in Fighting
  1682 | D:6      | Reached skill level 5 in Armour
  1682 | D:6      | Reached skill level 5 in Shields
  1877 | D:7      | Found Lohaq's Tremendous Tomes.
  1940 | D:7      | Reached skill level 7 in Axes
  2019 | D:7      | Found a sand-covered staircase.
  2085 | Ossuary  | Entered an ossuary
  2102 | Ossuary  | Reached skill level 8 in Axes
  2258 | D:7      | Found a staircase to the Ecumenical Temple.
  2267 | Temple   | Entered the Ecumenical Temple
  2283 | Temple   | Became a worshipper of Elyvilon the Healer
  2405 | D:8      | Reached XP level 8. HP: 34/68 MP: 8/8
  2533 | D:8      | Reached skill level 9 in Axes
  2632 | D:8      | Found a staircase to the Lair.
  2829 | D:8      | Reached skill level 10 in Axes
  2887 | D:8      | Reached skill level 11 in Axes
  2915 | D:8      | Reached skill level 12 in Axes
  2923 | D:8      | Reached XP level 9. HP: 38/74 MP: 9/9
  3226 | D:9      | Reached * piety under Elyvilon
  3255 | D:9      | Reached skill level 13 in Axes
  3674 | D:9      | Noticed a troll
  3697 | D:9      | Slain by a troll

Illustrated notes

Levels and vault maps discovered:
D:1:      tarquinn_simple_flora_water_f, layout_loops_cross, serial_glass,
          glass_columns_a, glass_columns_a, glass_columns_b, glass_columns_a,
          glass_columns_b, glass_columns_a
D:2:      layout_rooms, hellmonk_ecumenical_altar_defaced_shrine, minivault_5,
          amcnicky_mini_pool_small, uniq_sigmund
D:3:      layout_basic
D:4:      layout_loops_cross, nicolae_overflows_in_rows, serial_glass,
          glass_columns_b, glass_columns_a
D:5:      layout_loops_ring, uniq_ijyb, uniq_crazy_yiuf_cottage, uniq_edmund
D:6:      layout_loops_ring
D:7:      cheibrodos_barr_body, layout_basic, temple_fountains,
          gup_ossuary_entry_pyramid, nicolae_shop_i_like_big_books, uniq_pikel
D:8:      layout_basic, lair_entry_dummy, corexii_checkpoint
D:9:      layout_grid_maze
Temple:   nicolae_temple_god_jail

Skill      XL: |  1  2  3  4  5  6  7  8  9 |
---------------+----------------------------+-----
Axes           | 3 5 6 8 12 13 | 13.8
Fighting       | 4 5 |  5.0
Armour         | 4 5 |  5.0
Shields        | 4 5 |  5.0

Action                     |  1- 3 |  4- 6 |  7- 9 || total
---------------------------+-------+-------+-------++-------
  Melee: War axe           |    75 |   114 |   250 ||   439
 Invoke: Purification      |       |       |     2 ||     2
    Use: Scroll            |     6 |     2 |     3 ||    11
         Potion            |       |     2 |     4 ||     6
 Armour: Scale mail        |    54 |    60 |   210 ||   324
  Dodge: Dodged            |    45 |    48 |   235 ||   328
  Block: Buckler           |    16 |    35 |    74 ||   125

Table legend: (Time is in decaauts)
 A = Elapsed time spent in this place.
 B = Non-inter-level travel time spent in this place.
 C = Inter-level travel time spent in this place.
 D = Time resting spent in this place.
 E = Time spent auto-exploring this place.
 F = Levels seen in this place.
 G = Mean time per level.
                   A        B        C        D        E       F      G
               +--------+--------+--------+--------+--------+-----+--------+
         Total |   3739 |   3648 |     91 |    733 |   1800 |  11 |  339.9 |
       Dungeon |   3544 |   3481 |     63 |    683 |   1800 |   9 |  393.8 |
        Temple |     30 |      2 |     28 |      0 |      0 |   1 |   30.0 |
       Ossuary |    163 |    163 |      0 |     50 |      0 |   1 |  163.0 |
               +--------+--------+--------+--------+--------+-----+--------+

Top non-repeatable levels by time:
     D:8: 872 daAuts
     D:1: 698 daAuts
     D:2: 525 daAuts
     D:9: 498 daAuts
     D:6: 308 daAuts
     D:7: 297 daAuts
     D:4: 209 daAuts
 Ossuary: 163 daAuts
     D:3: 99 daAuts
     D:5: 34 daAuts
  Temple: 30 daAuts
